Map: 机械城 - 天梯版

Players

RAIL - Winner!

  • Race: Protoss Protoss

ShahriarDeMi

  • Race: Terran Terran
  • League: Diamond

Event: WESG 2018 Grand Finals

VOD

Have the link to the VOD?

Description

Time

  • Played on: March 12, 2019, 6:05 a.m.
  • Length: 5:20

All games in this series

Show
View Real Time Build Order
Export as new Build Order

RAIL Protoss - Winner!

Build Orders: 1 Gate Expand 

Get SALT Encoding   

  12  0:00  Probe  
  13  0:13  Probe  
  14  0:18  Pylon  
  14  0:24  Probe  
  15  0:33  Probe  
  15  0:38  Gateway  
  15  0:41  Probe  
  17  0:51  Probe  
  17  0:53  Assimilator  
  18  1:03  Probe  
  19  1:15  Probe  
  20  1:29  Cybernetics Core  
  20  1:37  Nexus  
  20  1:40  Probe  
  20  1:46  Pylon  
  21  1:51  Assimilator  
  21  1:55  Stalker, Probe  
  21  1:56  Warp Gate  
  22  2:07  Probe  
  25  2:17  Stalker  
  25  2:19  Probe  
  28  2:37  Gateway  
  28  2:46  Robotics Facility  
  29  2:52  Gateway  
  29  2:58  Probe x2  
  30  3:05  Stalker  
  32  3:10  Probe  
  33  3:15  Probe  
  34  3:20  Pylon  
  34  3:22  Probe  
  35  3:27  Probe  
  36  3:39  Observer  
  36  3:41  Probe  
  38  3:44  Stalker x2  
  38  3:47  Stalker  
  44  3:52  Probe  
  44  3:53  Probe  
  46  3:57  Pylon  
  46  4:09  Stalker x2  
  50  4:13  Stalker  
  52  4:17  Probe  
  52  4:18  Probe  
  52  4:22  Pylon  
  52  4:30  Probe  
  54  4:31  Probe  
  54  4:42  Probe  
  54  4:43  Stalker, Probe  
  54  4:44  Stalker  
  58  4:46  Stalker  
  54  4:54  Probe  
  54  4:55  Probe  
  50  5:02  Stalker x2  
  50  5:06  Probe  
  52  5:07  Probe  
  50  5:14  Stalker  
Show
View Real Time Build Order
Export as new Build Order

ShahriarDeMi Terran 

Build Orders: Cyclone Opening 

Get SALT Encoding   

  12  0:00  SCV  
  13  0:12  SCV  
  14  0:18  Supply Depot  
  14  0:25  SCV  
  15  0:30  Refinery  
  15  0:39  SCV  
  16  0:50  Barracks  
  16  0:52  SCV  
  17  1:00  Refinery  
  17  1:04  SCV  
  18  1:16  SCV  
  19  1:36  Orbital Command  
  19  1:37  Reaper  
  20  1:44  Factory  
  20  1:53  Supply Depot  
  20  2:02  SCV  
  21  2:14  SCV  
  22  2:26  SCV  
  22  2:27  Factory Tech Lab  
  23  2:36  Starport  
  23  2:38  SCV  
  24  2:47  Cyclone  
  24  2:48  Barracks Tech Lab  
  28  2:56  Command Center  
  27  2:59  SCV  
  28  3:06  Supply Depot  
  28  3:15  SCV  
  28  3:17  Barracks Reactor  
  29  3:23  Cloaking Field  
  29  3:27  Banshee  
  29  3:29  Widow Mine  
  34  3:38  SCV  
  35  3:51  Widow Mine  
  35  3:54  SCV  
  35  3:55  Marine x2  
  39  4:07  Bunker  
  39  4:08  SCV  
  40  4:12  Marine, Siege Tank  
  40  4:13  Marine  
  40  4:14  Orbital Command  
  45  4:27  Banshee  
  45  4:38  Marine x2, SCV  
  32  4:59  SCV  
  27  5:05  Factory Tech Lab  
Tags
 
Add a new tag
Caveats
  • Supply blocks, unpowered buildings, or Contaminate may cause inaccurate times.
  • Supply counts are checked every 10 seconds.